 Dungeon Crawl Stone Soup version 0.22-a0-803-gd6d8abe (webtiles) character file.

104 KristoblXynda the Cudgeler (level 4, -6/39 HPs)
             Began as a Naga Gladiator on July 22, 2018.
             Shot with an arrow by a centaur (14 damage)
             ... on level 3 of the Dungeon.
             The game lasted 00:03:39 (2252 turns).

KristoblXynda the Cudgeler (Naga Gladiator)         Turns: 2252, Time: 00:03:40

Health: -6/39      AC:  3    Str: 21    XL:     4   Next: 80%
Magic:  4/4        EV: 11    Int:  9    God:
Gold:   74         SH:  0    Dex: 13    Spells: 3/3 levels left

rFire    . . .     SeeInvis +   j - +1 whip
rCold    . . .     Gourm    .   (no shield)
rNeg     . . .     Faith    .   o - -1 robe (curse)
rPois    +         Spirit   .   c - +0 helmet
rElec    .         Reflect  .   g - +0 cloak
rCorr    .         Harm     .   (no gloves)
MR       .....                  (no barding)
Stlth    +.........             (no amulet)
HPRegen  0.13/turn              (no ring)
MPRegen  0.09/turn              (no ring)

@: mighty, hasted, quick
A: large, see invisible, deformed body, poison resistance, slowness 2, slow
metabolism 1, spit poison 1, AC +1
a: Spit Poison


You were on level 3 of the Dungeon.
You were not hungry.

You visited 1 branch of the dungeon, and saw 3 of its levels.

You collected 74 gold pieces.

Inventory:

Hand Weapons
 j - a +1 whip (weapon)
Missiles
 d - 3 throwing nets (quivered)
Armour
 a - a +0 buckler
 b - a +0 leather armour
 c - a +0 helmet (worn)
 g - a +0 cloak (worn)
 o - a cursed -1 robe (worn)
Scrolls
 h - a scroll of remove curse {unknown}
Potions
 i - a potion of mutation
Comestibles
 f - 3 rations


   Skills:
 - Level 2.0 Fighting
 + Level 3.9 Maces & Flails
 + Level 2.8 Throwing
 + Level 3.2 Dodging


You had 3 spell levels left.
You didn't know any spells.
Your spell library was empty.

Dungeon Overview and Level Annotations

Branches:
Dungeon (3/15)

Altars:


Innate Abilities, Weirdness & Mutations

You cannot wear boots.
Your serpentine skin is tough. (AC +1)
You have supernaturally acute eyesight. (SInv)
Armour fits poorly on your strangely shaped body.
Your system is resistant to poisons. (rPois)
You cover ground very slowly.
You have a slow metabolism.
You can spit poison.


Message History

You feel better.
The centaur shoots an arrow.
The arrow closely misses you.
The centaur shoots an arrow.
The arrow barely misses you.
The centaur shoots an arrow.
The arrow hits you!
* * * LOW HITPOINT WARNING * * *
You see here 2 arrows.
You feel yourself speed up. The leopard gecko barely misses you.
Okay, then.
You hit the leopard gecko.
The leopard gecko is moderately wounded.
The leopard gecko bites you but does no damage.
You barely miss the leopard gecko.
The leopard gecko is moderately wounded.
The leopard gecko bites you.
* * * LOW HITPOINT WARNING * * *
You closely miss the leopard gecko.
The leopard gecko is moderately wounded.
You whack the leopard gecko!
You kill the leopard gecko!
The centaur shoots an arrow.
The arrow hits you!
You die...

.. .# .. ###. #..
# # #.# #
#.##.##.##.#
##.......(..#
......##@####
.......#(########
.......(c.......#
$......##.#####.##
.................#
.....#.#..##.##..#
.#..##.......##..#
.... ..#.........#
...
.....##.##..###


You could see a centaur.

Vanquished Creatures
  Crazy Yiuf (D:2)
  Jessica (D:2)
  An adder (D:2)
  An ooze (D:2)
  2 worms (D:2)
  4 leopard geckos
  2 giant cockroaches
  3 goblins
  2 hobgoblins (D:2)
  A quokka (D:2)
  3 bats
  2 frilled lizards (D:2)
  4 kobolds
  3 rats
30 creatures vanquished.

Notes
Turn   | Place    | Note
-------+----------+-------------------------------------------
     0 | D:1      | KristoblXynda the Naga Gladiator began the quest for the Orb.
     0 | D:1      | Reached XP level 1. HP: 19/19 MP: 1/1
   557 | D:1      | Reached XP level 2. HP: 18/26 MP: 2/2
  1235 | D:2      | Reached XP level 3. HP: 11/32 MP: 3/3
  1449 | D:2      | Noticed Jessica
  1457 | D:2      | Killed Jessica
  1689 | D:2      | Reached XP level 4. HP: 39/39 MP: 4/4
  1810 | D:2      | Found a faded altar of an unknown god.
  1948 | D:2      | Found a runed door.
  2034 | D:2      | Noticed Crazy Yiuf
  2044 | D:2      | Killed Crazy Yiuf
  2237 | D:3      | Noticed a centaur
  2252 | D:3      | Shot with an arrow by a centaur

Vault maps used:
D:1:      minmay_arrival_doors
D:2:      chequers_ecumenical_altar_twisty, minmay_misc_feat_more_columns,
          kennysheep_generic_room_14, uniq_jessica, uniq_crazy_yiuf_cottage
D:3:      cheibrodos_ashenzari_chains, due_unseen_surprise, uniq_natasha

Skill      XL: |  1  2  3 |
---------------+----------+-----
Throwing       | 2 |  2.8
Dodging        | 3 |  3.2
Fighting       | |  2.0
Maces & Flails | |  3.9

Action                   |  1- 3 |  4- 6 || total
-------------------------+-------+-------++-------
Melee: Flail             |    20 |       ||    20
       Whip              |    53 |    27 ||    80
Throw: Throwing net      |       |     3 ||     3
 Abil: Spit Poison       |    10 |     6 ||    16
  Use: Scroll            |     4 |     1 ||     5
       Potion            |       |     4 ||     4
 Stab: Held in net/web   |       |     1 ||     1
  Eat: Chunk             |     1 |       ||     1
       Ration            |       |     1 ||     1
Armor: Leather armour    |    16 |       ||    16
       Robe              |     1 |     5 ||     6
Dodge: Dodged            |    37 |    17 ||    54

Table legend:
 A = Spawn XP
 B = Non-spawn XP
 C = Spawn XP percentage of total XP
 D = Spawn monster count
 E = Non-spawn monster count
 F = Spawn count percentage of total count
 G = Total turns spent on level
                    A         B        C        D         E        F      G
               +---------+---------+-------+---------+---------+-------+---------
         Total |       0 |     149 |   0.0 |       0 |      30 |   0.0 |  2252
               +---------+---------+-------+---------+---------+-------+---------
           D:1 |       0 |      11 |   0.0 |       0 |       7 |   0.0 |   829
           D:2 |       0 |     135 |   0.0 |       0 |      22 |   0.0 |  1347
           D:3 |       0 |       3 |   0.0 |       0 |       1 |   0.0 |    76
               +---------+---------+-------+---------+---------+-------+---------
